 Dungeon Crawl Stone Soup version 0.30.2 (webtiles) character file.

Game seed: 1432769879841817597

2714 Aaronimus the Cleaver (level 9, 0/78 HPs)
             Began as a Minotaur Fighter on Oct 27, 2023.
             Was an Initiate of Ashenzari.
             Slain by a gnoll
             ... wielding a +0 spear
             ... led by a gnoll bouda
              (2 damage)
             ... on level 7 of the Dungeon on Apr 5, 2024.
             The game lasted 01:40:17 (6212 turns).

Aaronimus the Cleaver (Minotaur Fighter)            Turns: 6212, Time: 01:40:18

Health: 0/78       AC: 11    Str: 24    XL:     9   Next: 39%
Magic:  17/17      EV: 11    Int:  5    God:    Ashenzari [......]
Gold:   327        SH: 10    Dex: 18    Spells: 8/8 levels left

rFire   . . .        O - +1 war axe (elec)
rCold   . . .        H - +0 kite shield
rNeg    . . .        W - +5 ring mail of the Spheres {rPois Str+3 Dex+4 Slay+3}
rPois   +            (helmet restricted)
rElec   .            q - scarf {repulsion}
rCorr   .            (no gloves)
SInv    .            (no boots)
Will    .....        (no amulet)
Stlth   +            y - ring of magical power
HPRegen 0.33/turn    (no ring)
MPRegen 0.15/turn

%: repel missiles
@: no status effects
A: horns 2, retaliatory headbutt
a: Renounce Religion, Curse Item


You were on level 7 of the Dungeon.
You worshipped Ashenzari.
Ashenzari was noncommittal.
You visited 1 branch of the dungeon, and saw 7 of its levels.

You collected 327 gold pieces.

Inventory:

Hand Weapons
 a - a +0 war axe
 i - a +1 halberd
 o - a +0 dagger of protection
 p - the +0 spear "Orb Guardian's Bane" {spect, rN+}
   (You found it on level 6 of the Dungeon)

   rN:        It protects you from negative energy.
 r - a +0 morningstar
 t - a +0 mace
 x - a +0 flail
 B - a +0 short sword
 F - a +0 flail
 G - a +0 hand axe
 I - a +4 quarterstaff of chaos
 K - a +0 hammer
 O - a +1 war axe of electrocution (weapon)
 R - a +0 long sword
 S - a +0 spear
 V - a +0 shortbow
 X - a +1 falchion of distortion
 Z - a +3 short sword of freezing
Missiles
 Q - 3 poisoned darts (quivered)
Armour
 b - a +0 scale mail
 c - a +0 buckler
 q - a scarf of repulsion (worn)
 u - a +0 scale mail of poison resistance
 E - the +1 scale mail of Lust {rElec rPois Str-5 Dex+3}
   (You found it on level 3 of the Dungeon)

   Str:       It affects your strength (-5).
   Dex:       It affects your dexterity (+3).
   rElec:     It insulates you from electricity.
   rPois:     It protects you from poison.
 H - a +0 kite shield (worn)
 J - a +0 cloak
 N - a +0 chain mail
 P - a +0 ring mail
 W - the +5 ring mail of the Spheres (worn) {rPois Str+3 Dex+4 Slay+3}
   (You found it on level 6 of the Dungeon)

   Str:       It affects your strength (+3).
   Dex:       It affects your dexterity (+4).
   Slay:      It affects your accuracy & damage with ranged weapons and melee
   (+3).
   rPois:     It protects you from poison.
Jewellery
 y - a ring of magical power (left hand)
Wands
 g - a wand of digging (2)
 Y - a wand of paralysis (8)
Scrolls
 e - a scroll of brand weapon {unknown}
 j - 2 scrolls of vulnerability {unknown}
 k - 3 scrolls of enchant weapon {unknown}
 m - 7 scrolls of identify {unknown}
 n - a scroll of amnesia {unknown}
 v - a scroll of summoning {unknown}
 w - 2 scrolls of blinking {unknown}
 D - 2 scrolls of poison {unknown}
 L - a scroll of magic mapping {unknown}
 U - 2 scrolls of immolation {unknown}
Potions
 d - 2 potions of might
 f - a potion of attraction {unknown}
 h - a potion of ambrosia {unknown}
 s - 3 potions of lignification {unknown}
 z - 2 potions of mutation {unknown}
 A - 2 potions of haste {unknown}
 C - a potion of curing
 M - 2 potions of experience {unknown}
 T - a potion of resistance {unknown}


   Skills:
 + Level 6.7 Fighting
 + Level 10.6 Axes
 + Level 3.4 Throwing
 + Level 7.5 Armour
 + Level 2.6 Dodging
 + Level 0.7 Stealth
 + Level 5.9 Shields


You had 8 spell levels left.
You didn't know any spells.
Your spell library contained the following spells:

 Spells                   Type           Power      Damage    Failure   Level
 Sandblast                Erth           0%         2d4       83%         1
 Passwall                 Tmut/Erth      0%         N/A       93%         2
 Ignite Poison            Fire/Tmut/Pois 0%         N/A       99%         3
 Stone Arrow              Conj/Erth      0%         3d7       99%         3
 Summon Guardian Golem    Hex/Summ       0%         N/A       99%         3
 Sticky Flame             Conj/Fire      0%         2d3       100%        4
 Orb of Destruction       Conj           0%         9d5       100%        7
 Spellforged Servitor     Conj/Summ      0%         N/A       100%        7
 Ignition                 Fire           0%         3d3       100%        8


Dungeon Overview and Level Annotations

Branches:
Dungeon (7/15)
 Temple: D:4-7

Altars:
Ashenzari
Dithmenos
Gozag
Okawaru
Xom
Zin

Shops:
D:7 *


Innate Abilities, Weirdness & Mutations

You have a pair of horns on your head.
You reflexively headbutt those who attack you in melee.


Message History

The gnoll misses you.
You closely miss the gnoll bouda.
The gnoll bouda is moderately wounded.
You block the gnoll's attack. The gnoll hits you but does no damage.
The gnoll bouda hits you with a +0 club.
The gnoll hits you from afar with a +0 spear.
You hit the gnoll bouda but do no damage.
The gnoll bouda is moderately wounded.
The gnoll hits you from afar with a +1 spear of freezing.
The gnoll freezes you.
* * * LOW HITPOINT WARNING * * *
The gnoll bouda closely misses you. You furiously retaliate!
You headbutt the gnoll bouda! You block the gnoll's attack.
You slash the gnoll bouda!
You kill the gnoll bouda!
Your attacks no longer feel as feeble.
The gnoll hits you from afar with a +1 spear of freezing.
* * * LOW HITPOINT WARNING * * *
The gnoll freezes you.
* * * LOW HITPOINT WARNING * * *
The gnoll hits you with a +0 flail.
* * * LOW HITPOINT WARNING * * *
You block the gnoll's attack.
You slash the gnoll!
The gnoll is almost dead.
The gnoll hits you from afar with a +1 spear of freezing!
* * * LOW HITPOINT WARNING * * *
The gnoll freezes you.
* * * LOW HITPOINT WARNING * * *
You block the gnoll's attack. x2
The gnoll hits you from afar with a +1 spear of freezing.
* * * LOW HITPOINT WARNING * * *
The gnoll freezes you.
* * * LOW HITPOINT WARNING * * *
As you read the scroll labelled CANECZ YTYIXOQO, it crumbles to dust.
The scroll dissolves into smoke.
It was a scroll of fog.
The gnoll hits you with a +0 flail.
* * * LOW HITPOINT WARNING * * *
The gnoll hits you from afar with a +0 spear.
You die...

### ##### #>## .....
##### #.. #...... #...#
#.#''......
#.###...####o.........
#.......ยงยง@ggo........
#####...####g.........
........+.?...........
#####...####..........
#...####..........
#............#....
###..###.#####....
#.###...#.P..P.....
#.##...~~.~~~~~....


You could see an orc priest and 3 gnolls.

Vanquished Creatures
  Grinder (D:3)
  2 sky beasts (D:6)
  An ice beast (D:6)
  2 orc warriors (D:7)
  An ogre (D:6)
  A black bear (D:7)
  A centaur (D:5)
  A phantom (D:5)
  3 gnoll sergeants (D:7)
  2 bullfrogs
  3 scorpions
  6 wights
  4 hounds
  Crazy Yiuf (D:3)
  A gnoll bouda (D:7)
  3 orc priests
  2 sleepcaps (D:6)
  Terence (D:2)
  6 iguanas
  4 orc wizards
  Natasha (thrice) (D:2)
  5 gnolls
  13 adders
  3 shadow imps
  An ufetubus (D:5)
  A worm (D:2)
  4 dart slugs
  19 orcs
  8 endoplasms
  2 giant cockroaches
  6 goblins
  3 hobgoblins
  9 jackals
  7 kobolds
  2 quokkas
  6 ball pythons
  5 bats (D:1)
  5 frilled lizards
  6 rats
154 creatures vanquished.

Notes
Turn   | Place    | Note
-------+----------+-------------------------------------------
     0 | D:1      | Aaronimus the Minotaur Fighter began the quest for the Orb.
     0 | D:1      | Reached XP level 1. HP: 19/19 MP: 0/0
   129 | D:1      | Reached XP level 2. HP: 22/27 MP: 1/1
   788 | D:1      | Reached XP level 3. HP: 34/34 MP: 2/2
  1036 | D:2      | Noticed Terence
  1050 | D:2      | Killed Terence
  1051 | D:2      | Reached skill level 3 in Axes
  1266 | D:2      | Noticed Natasha
  1271 | D:2      | Killed Natasha
  1272 | D:2      | Reached XP level 4. HP: 38/41 MP: 3/3
  1289 | D:2      | Noticed Natasha
  1303 | D:2      | Killed Natasha
  1395 | D:2      | Noticed Natasha
  1403 | D:2      | Killed Natasha
  1404 | D:2      | Reached skill level 4 in Axes
  1632 | D:2      | Reached XP level 5. HP: 47/47 MP: 4/4
  1881 | D:2      | Found a faded altar of an unknown god.
  1896 | D:2      | Prayed at the altar of an unknown god.
  1896 | D:2      | Became a worshipper of Ashenzari the Shackled
  1984 | D:3      | Identified the +1 scale mail of Lust {rElec rPois Str-5
                  | Dex+3}
  2052 | D:3      | Reached skill level 1 in Dodging
  2065 | D:3      | Noticed Grinder
  2075 | D:3      | Killed Grinder
  2076 | D:3      | Reached skill level 5 in Fighting
  2076 | D:3      | Reached skill level 5 in Axes
  2076 | D:3      | Reached skill level 5 in Armour
  2076 | D:3      | Reached XP level 6. HP: 38/56 MP: 5/5
  2171 | D:3      | Found a glowing silver altar of Zin.
  2238 | D:3      | Upgraded the game from 0.30.1-11-g7821555f0a to 0.30.2
  2278 | D:3      | Found a runed translucent door.
  2279 | D:3      | Noticed Crazy Yiuf
  2285 | D:3      | Killed Crazy Yiuf
  2378 | D:3      | Found an iron altar of Okawaru.
  3001 | D:4      | Reached skill level 1 in Throwing
  3117 | D:4      | Reached skill level 6 in Axes
  3117 | D:4      | Reached XP level 7. HP: 61/61 MP: 6/6
  3129 | D:4      | Found an opulent altar of Gozag.
  3165 | D:4      | Found a shimmering altar of Xom.
  3680 | D:4      | Reached skill level 5 in Shields
  3800 | D:5      | Entered Level 5 of the Dungeon
  3995 | D:5      | Reached skill level 7 in Axes
  4673 | D:5      | Reached skill level 8 in Axes
  4673 | D:5      | Reached XP level 8. HP: 69/69 MP: 7/7
  5034 | D:6      | Identified the +0 spear "Orb Guardian's Bane" {spect, rN+}
  5257 | D:6      | Identified the +5 ring mail of the Spheres {rPois Str+3
                  | Dex+4 Slay+3}
  5413 | D:6      | Reached skill level 9 in Axes
  5504 | D:6      | Reached XP level 9. HP: 50/78 MP: 8/8
  6037 | D:7      | Reached skill level 10 in Axes
  6091 | D:7      | Found Ozomomol's Lightly-Used Armoury.
  6097 | D:7      | Found a shadowy altar of Dithmenos.
  6212 | D:7      | HP: 2/78 [gnoll/+0 flail[a gnoll bouda] (4)]
  6212 | D:7      | Slain by a gnoll

Illustrated notes

Levels and vault maps discovered:
D:1:      lightli_arrival_statue_moat, layout_loops_cross, wad_floor_pattern_1,
          minmay_misc_feat_four_crosses
D:2:      layout_basic, ebering_ecumenical_altar_mist, uniq_terence,
          uniq_natasha
D:3:      layout_basic, mainiacjoe_overflow_surrounded_room,
          mainiacjoe_overflow_alcove_4, uniq_grinder, uniq_crazy_yiuf_cottage
D:4:      layout_basic, kennysheep_mini, xom_teletrap_fun
D:5:      layout_gridville, supply_closet_lemuel
D:6:      layout_cave_pods
D:7:      layout_basic, lemuel_doored_altar,
          minmay_temple_entry_drinking_statues,
          lightli_ossuary_entry_decrepit_ruins, minmay_shop_damaged,
          serial_bayou_pond_b, hex_medium, serial_bayou_pond_d, sword_in_stone

Skill      XL: |  1  2  3  4  5  6  7  8  9 |
---------------+----------------------------+-----
Fighting       | 4 5 6 |  6.7
Shields        | 4 5 |  5.9
Axes           | 3 4 5 6 8 9 10 | 10.6
Armour         | 4 5 6 7 |  7.5
Dodging        | 1 2 |  2.6
Throwing       | 1 3 |  3.4
Stealth        | |  0.7

Action                     |  1- 3 |  4- 6 |  7- 9 || total
---------------------------+-------+-------+-------++-------
  Melee: War axe           |    74 |    89 |   214 ||   377
         Headbutt          |     4 |    15 |    42 ||    61
  Throw: Stone             |     2 |    27 |    19 ||    48
         Dart              |       |     3 |    36 ||    39
    Use: Potion            |     1 |       |       ||     1
         Scroll            |       |       |     1 ||     1
 Armour: Scale mail        |    27 |    35 |       ||    62
         Chain mail        |       |     3 |    64 ||    67
         Ring mail         |       |       |    32 ||    32
  Dodge: Dodged            |    34 |    29 |   113 ||   176
  Block: Buckler           |    25 |    22 |    33 ||    80
         Kite shield       |       |       |    19 ||    19
